 Dungeon Sprint DCSS version 0.30-a0-824-g6c64550be9 (webtiles) character file.

Game seed: 8918854221016664042

5800000 BigDaddyOpFi the Intangible (level 25, -18/214 HPs)
             Began as a Djinni Warper on Feb 27, 2023.
             Was the Champion of Makhleb.
             Demolished by a meat beast (20 damage)
             ... in the Dungeon (Sprint VIII: "Arena of Blood").
             The game lasted 00:01:18 (58 turns).

BigDaddyOpFi the Intangible (Djinni Warper)           Turns: 58, Time: 00:01:19

Health: -18/214    AC:  6    Str: 10    XL:     25   Next: 56%
Gold:   0          EV: 33    Int: 18    God:    Makhleb [******] SH:  0 Dex: 22

rFire   + + .      SeeInvis .    h - +∞ Axe of Woe
rCold   x . .      Faith    .    (shield currently unavailable)
rNeg    . . .      Spirit   .    a - +0 leather armour
rPois   ∞          Reflect  .    (no helmet)
rElec   .          Harm     .    (no cloak)
rCorr   .          Rampage  .    (no gloves)
Will    ++...      NoTele   +    (boots unavailable)
Stlth   ++++++++++               (no amulet)
HPRegen 0.55/turn                (no ring)
MPRegen 0.00/turn                (no ring)

@: swift, flying, quick
A: sickness immunity, fire resistance 2, cold vulnerability 1, float, innate
caster, HP casting, extra vitality 1
a: Renounce Religion, Minor Destruction, Lesser Servant of Makhleb, Major
Destruction, Greater Servant of Makhleb


You were in the Dungeon.
You worshipped Makhleb.
Makhleb was exalted by your worship.
You visited 1 branch

Inventory:

Hand Weapons
 h - the +∞ Axe of Woe (weapon)
   (You found it in the Dungeon)
Missiles
 c - 7 boomerangs of dispersal (quivered)
Armour
 a - a +0 leather armour (worn)
Scrolls
 b - 2 scrolls of blinking
Potions
 d - a potion of curing
 e - a potion of heal wounds
 f - a potion of haste
 g - a potion of berserk rage


   Skills:
 O Level 27 Fighting
 O Level 27 Axes
 + Level 26.9(27) Maces & Flails
 + Level 26.9(27) Polearms
 O Level 27 Throwing
 O Level 27 Armour
 O Level 27 Dodging
 O Level 27 Stealth
 O Level 27 Unarmed Combat
 O Level 27 Spellcasting
 O Level 27 Invocations


You knew the following spells:

 Your Spells              Type           Power      Damage    Failure   Level
a - Blink                 Tloc           100%       N/A       0%          2
b - Lesser Beckoning      Tloc           100%       N/A       0%          2
c - Vhi's Electric Charg  Tloc/Air       100%       N/A       0%          3
d - Teleport Other        Tloc           88%        N/A       0%          3
e - Manifold Assault      Tloc           88%        N/A       0%          4
f - Apportation           Tloc           100%       N/A       0%          1
g - Searing Ray           Conj           100%       2d8       0%          2
h - Passwall              Tmut/Erth      73%        N/A       0%          2
i - Swiftness             Air            88%        N/A       0%          3
j - Irradiate             Conj/Tmut      44%        3d26      0%          5
k - Silence               Hex/Air        44%        N/A       0%          5
l - Conjure Ball Lightni  Conj/Air       44%        3x3d15    0%          6
m - Ozocubu's Refrigerat  Ice            44%        4d17      1%          7
n - Malign Gateway        Summ/Tloc      44%        N/A       1%          7
o - Monstrous Menagerie   Summ           44%        N/A       1%          7
p - Lehudib's Crystal Sp  Conj/Erth      44%        10d11     1%          8
q - Necromutation         Tmut/Necr      44%        N/A       1%          8
Your spell library was empty.

Dungeon Overview and Level Annotations

Branches:
Dungeon (1/1)

Altars:
Makhleb


Innate Abilities, Weirdness & Mutations

You are immune to sickness and miasma.
You are immune to poison.
Your flesh is very heat resistant. (rF++)
You are vulnerable to cold. (rC-)
You float through the air rather than walking.
You learn spells naturally, not from books.
Your magical power is your life essence.
You have superior vitality. (+4 MHP)


Message History

* * * LOW HITPOINT WARNING * * *
You hear a shout!
Your base Maces & Flails skill increases to level 26!
Your base Polearms skill increases to level 26!
Unknown command.
You slice the meat berserker!!
You hew the meat berserker savagely.
You kill the meat berserker!
Makhleb accepts your kill.
You feel better.
You hear a shout! x3
A bag of meat comes into view. It is wielding a +9 war axe.
You hear a shout!
You hear an explosion!
A bag of meat comes into view. It is wielding a +9 war axe.
You hear a shout!
The destroyer points at you and mumbles some strange words.
The destroyer blinks!
The large bag of meat is engulfed in blazing flames.
You hear a shout!
The meat berserker rages.
A meat berserker comes into view. It is wielding a +9 battleaxe.
The eight-headed meat hydra calls on the powers of darkness!
The eight-headed meat hydra convulses!
The bag of meat convulses! x5
Your body is wracked with pain!
* * * LOW HITPOINT WARNING * * *
You hear a shout!
You hear two shouts!
Unknown command.
The bag of meat shouts! x2
You hit the destroyer. You chop the destroyer into pieces.
You destroy the destroyer!
Makhleb accepts your kill.
You feel better.
You hear a shout! x5
The tyrant waves its bony arms in wide circles.
The air twists around and strikes you!!!
* * * LOW HITPOINT WARNING * * *
You hear a shout! x2
The meat berserker is engulfed in blazing flames.
You hear a shout! x2
The meat beast bites you!!
You die...

#.. ...# .
......###.. ...###..
.§..V......###......
.Do#L.Xo....☼°....
.#X.Oo.Xo#.°D))#
°.Xoo.X..#_°<°_#
#OO..XO.#)))))#
...#..OOoo○)_......
O.....2@§§O###......
......###°o§O...###..
..... #)).....# .
...O #§.§....# ..o
.......... #.
........... o
z...........
o...........#
o..#........#.


You could see 2 tentacled monstrosities, a meat beast (fast), a tyrant (fast), 2
eight-headed meat hydras, a destroyer, 2 large bags of meat, 4 large
abominations, 8 meat berserkers and 11 bags of meat.

Vanquished Creatures
  7 vampire knights (D)
  18 ogres (D)
  8 two-headed ogres (D)
  2 liches (D)
  29 orcs (D)
  3 skeletal warriors (D)
67 creatures vanquished.

Vanquished Creatures (others)
  A two-headed ogre (D)
  2 orcs (D)
3 creatures vanquished.

Grand Total: 70 creatures vanquished

Notes
Turn   | Place    | Note
-------+----------+-------------------------------------------
     0 | D        | Found the +∞ Axe of Woe
     0 | D        | BigDaddyOpFi the Djinni Warper began the quest for the Orb.
     0 | D        | BigDaddyOpFi set off with the following spells memorised:
                  | Blink, Lesser Beckoning, Vhi's Electric Charge, Teleport
                  | Other, Manifold Assault.
     0 | D        | Reached XP level 1. HP: 18/18 MP: 0/0
     2 | D        | Noticed a bag of meat
     3 | D        | Noticed a bag of meat
     3 | D        | Noticed a bag of meat
     4 | D        | Became a worshipper of Makhleb the Destroyer
     4 | D        | Noticed a meat berserker
     4 | D        | Noticed a bag of meat
     5 | D        | Noticed a bag of meat
     7 | D        | Killed a bag of meat
     8 | D        | Reached skill level 10 in Dodging
     8 | D        | Reached XP level 2. HP: 34/34 MP: 0/0
     8 | D        | Reached XP level 3. HP: 39/39 MP: 0/0
     8 | D        | Learned a level 1 spell: Apportation
     8 | D        | Reached XP level 4. HP: 45/45 MP: 0/0
     8 | D        | Reached XP level 5. HP: 50/50 MP: 0/0
     8 | D        | Learned a level 2 spell: Searing Ray
     8 | D        | Reached XP level 6. HP: 56/56 MP: 0/0
     8 | D        | Reached XP level 7. HP: 61/61 MP: 0/0
     8 | D        | Learned a level 2 spell: Passwall
     8 | D        | Reached XP level 8. HP: 67/67 MP: 0/0
     8 | D        | Reached XP level 9. HP: 72/72 MP: 0/0
     8 | D        | Learned a level 3 spell: Swiftness
     8 | D        | Reached XP level 10. HP: 78/78 MP: 0/0
     8 | D        | Reached XP level 11. HP: 84/84 MP: 0/0
     8 | D        | Learned a level 5 spell: Irradiate
     8 | D        | Noticed a bag of meat
     9 | D        | Killed a bag of meat
     9 | D        | Reached * piety under Makhleb
     9 | D        | Noticed a bag of meat
    10 | D        | Reached skill level 10 in Fighting
    10 | D        | Reached skill level 10 in Armour
    10 | D        | Reached skill level 10 in Unarmed Combat
    10 | D        | Reached skill level 10 in Invocations
    10 | D        | Reached XP level 12. HP: 78/92 MP: 0/0
    10 | D        | Killed a meat berserker
    10 | D        | Killed a bag of meat
    11 | D        | Reached skill level 10 in Axes
    11 | D        | Reached skill level 10 in Throwing
    11 | D        | Reached skill level 10 in Spellcasting
    11 | D        | Reached XP level 13. HP: 71/102 MP: 0/0
    11 | D        | Learned a level 5 spell: Silence
    11 | D        | Reached XP level 14. HP: 75/108 MP: 0/0
    11 | D        | Killed a bag of meat
    11 | D        | Reached ** piety under Makhleb
    11 | D        | Killed a bag of meat
    11 | D        | Noticed a meat berserker
    12 | D        | Reached skill level 15 in Dodging
    12 | D        | Killed a bag of meat
    12 | D        | Killed a bag of meat
    12 | D        | Noticed a meat berserker
    13 | D        | Reached XP level 15. HP: 107/118 MP: 0/0
    13 | D        | Learned a level 6 spell: Conjure Ball Lightning
    13 | D        | Noticed a meat berserker
    15 | D        | Killed a meat berserker
    15 | D        | Reached *** piety under Makhleb
    16 | D        | Reached skill level 15 in Fighting
    16 | D        | Reached skill level 15 in Armour
    16 | D        | Reached skill level 15 in Unarmed Combat
    16 | D        | Reached skill level 15 in Invocations
    16 | D        | Killed a meat berserker
    17 | D        | Reached XP level 16. HP: 101/128 MP: 0/0
    17 | D        | Killed a meat berserker
    18 | D        | Reached skill level 15 in Stealth
    19 | D        | Reached **** piety under Makhleb
    20 | D        | Reached XP level 17. HP: 137/137 MP: 0/0
    20 | D        | Learned a level 7 spell: Ozocubu's Refrigeration
    21 | D        | Reached skill level 15 in Axes
    21 | D        | Reached skill level 15 in Throwing
    22 | D        | Noticed a destroyer
    23 | D        | Noticed a meat berserker
    23 | D        | Noticed a large bag of meat
    24 | D        | Noticed a meat berserker
    25 | D        | Reached ***** piety under Makhleb
    25 | D        | Killed a destroyer
    25 | D        | Noticed a large bag of meat
    26 | D        | Reached skill level 15 in Spellcasting
    26 | D        | Reached XP level 18. HP: 148/148 MP: 0/0
    26 | D        | Killed a meat berserker
    27 | D        | Killed a large bag of meat
    27 | D        | Noticed a meat berserker
    28 | D        | Reached XP level 19. HP: 137/157 MP: 0/0
    28 | D        | Learned a level 7 spell: Malign Gateway
    28 | D        | Noticed a large bag of meat
    29 | D        | Noticed a large bag of meat
    29 | D        | Killed a large bag of meat
    29 | D        | Reached ****** piety under Makhleb
    29 | D        | Killed a meat berserker
    30 | D        | Noticed a destroyer
    30 | D        | Noticed a meat berserker
    30 | D        | Noticed a destroyer
    31 | D        | Reached XP level 20. HP: 165/169 MP: 0/0
    31 | D        | Killed a meat berserker
    32 | D        | Killed a large bag of meat
    33 | D        | Reached XP level 21. HP: 156/179 MP: 0/0
    33 | D        | Learned a level 7 spell: Monstrous Menagerie
    33 | D        | Killed a meat berserker
    33 | D        | Killed a destroyer
    34 | D        | Reached skill level 27 in Dodging
    34 | D        | Noticed a meat berserker
    35 | D        | Noticed a meat berserker
    35 | D        | Killed a large bag of meat
    35 | D        | Killed a destroyer
    36 | D        | Reached XP level 22. HP: 178/193 MP: 0/0
    36 | D        | Noticed a destroyer
    36 | D        | Noticed a large bag of meat
    38 | D        | Noticed an eight-headed meat hydra
    39 | D        | Noticed a meat berserker
    39 | D        | Noticed a destroyer
    40 | D        | Killed a meat berserker
    40 | D        | Killed a meat berserker
    40 | D        | Noticed a meat berserker
    41 | D        | Reached skill level 27 in Fighting
    41 | D        | Reached skill level 27 in Armour
    41 | D        | Reached skill level 27 in Unarmed Combat
    41 | D        | Reached skill level 27 in Invocations
    41 | D        | Noticed a large bag of meat
    43 | D        | Killed a destroyer
    43 | D        | Killed a destroyer
    43 | D        | Noticed a meat berserker
    43 | D        | Noticed a meat berserker
    44 | D        | Reached skill level 27 in Stealth
    44 | D        | Reached XP level 23. HP: 166/201 MP: 0/0
    44 | D        | Learned a level 8 spell: Lehudib's Crystal Spear
    44 | D        | Killed a large bag of meat
    45 | D        | Reached skill level 27 in Axes
    45 | D        | Reached skill level 27 in Throwing
    45 | D        | Noticed a large bag of meat
    45 | D        | Noticed a tyrant
    47 | D        | Reached skill level 27 in Spellcasting
    47 | D        | Noticed a tyrant
    47 | D        | Noticed a destroyer
    47 | D        | Noticed a large bag of meat
    48 | D        | Killed a large bag of meat
    49 | D        | Reached skill level 15 in Maces & Flails
    49 | D        | Reached skill level 15 in Polearms
    49 | D        | Reached XP level 24. HP: 96/208 MP: 0/0
    50 | D        | Killed a tyrant
    51 | D        | Killed a large bag of meat
    51 | D        | Noticed a tyrant
    52 | D        | Killed a destroyer
    53 | D        | Killed a large bag of meat
    54 | D        | Reached XP level 25. HP: 42/214 MP: 0/0
    54 | D        | Learned a level 8 spell: Necromutation
    55 | D        | Killed a tyrant
    56 | D        | Noticed a destroyer
    56 | D        | Noticed a large bag of meat
    56 | D        | Noticed a large bag of meat
    56 | D        | Noticed a meat beast
    56 | D        | Noticed a destroyer
    57 | D        | Killed a large bag of meat
    58 | D        | Killed a destroyer
    58 | D        | HP: 2/214 [tyrant/the air (50)]
    58 | D        | Demolished by a meat beast

Illustrated notes

Levels and vault maps discovered:
D:        meatsprint

Skill      XL: |  1  2  3  4  5  6  7  8  9 10 11 12 13 14 15 16 17 18 19 20 21 22 23 24 25 |
---------------+----------------------------------------------------------------------------+-----
Fighting       | 9 10 12 14 16 17 19 20 22 24 26 27 | 27.0
Axes           | 7 8 10 12 13 14 16 17 19 20 22 26 27 | 27.0
Throwing       | 7 8 10 12 13 14 16 17 19 20 22 26 27 | 27.0
Armour         | 8 10 12 14 16 17 19 20 22 24 26 27 | 27.0
Dodging        | 10 11 13 16 17 19 20 22 24 26 27 | 27.0
Stealth        | 8 9 11 13 14 16 17 19 20 22 24 27 | 27.0
Unarmed Combat | 9 10 12 14 16 17 19 20 22 24 26 27 | 27.0
Spellcasting   | 7 8 10 11 12 14 15 16 18 19 21 24 27 | 27.0
Invocations    | 8 10 12 14 16 17 19 20 22 24 26 27 | 27.0
Maces & Flails | 15 23 26 | 26.9
Polearms       | 15 23 26 | 26.9

Action                     |  1- 3 |  4- 6 |  7- 9 | 10-12 | 13-15 | 16-18 | 19-21 | 22-24 | 25-27 || total
---------------------------+-------+-------+-------+-------+-------+-------+-------+-------+-------++-------
  Melee: Executioner's axe |     1 |       |       |     2 |     4 |     7 |     6 |    11 |     5 ||    36
   Cast: Swiftness         |       |       |       |       |       |       |       |     1 |       ||     1
         Vhi's Electric Ch |       |       |       |       |       |       |       |     1 |     1 ||     2
  Dodge: Dodged            |       |       |       |       |     1 |       |     1 |       |       ||     2

Table legend: (Time is in decaauts)
 A = Elapsed time spent in this place.
 B = Non-inter-level travel time spent in this place.
 C = Inter-level travel time spent in this place.
 D = Time resting spent in this place.
 E = Time spent auto-exploring this place.
 F = Levels seen in this place.
 G = Mean time per level.
                   A        B        C        D        E       F      G
               +--------+--------+--------+--------+--------+-----+--------+
         Total |     56 |     56 |      0 |      0 |      0 |   1 |   56.0 |
       Dungeon |     56 |     56 |      0 |      0 |      0 |   1 |   56.0 |
               +--------+--------+--------+--------+--------+-----+--------+

Top non-repeatable levels by time:
       D: 56 daAuts
